Map: Newkirk Precinct TE (Void)

Players

NonY

  • Race: Protoss Protoss
  • Spawn Location: 7:00

Namshar - Winner!

  • Race: Zerg Zerg
  • Spawn Location: 5:00

Event: WCS Austin 2017

VOD

Have the link to the VOD?

Description

Time

  • Played on: April 28, 2017, 8:43 p.m.
  • Length: 7:32

All games in this series

Show
View Real Time Build Order
Export as new Build Order

NonY Protoss 

Build Orders: 1 Gate Expand, Blink Stalkers 

Get SALT Encoding   

  12  0:00  Probe (Chrono Boost)  
  13  0:11  Probe (Chrono Boost)  
  14  0:18  Pylon  
  14  0:23  Probe (Chrono Boost)  
  15  0:30  Assimilator  
  15  0:37  Probe (Chrono Boost)  
  16  0:43  Gateway  
  16  0:47  Probe (Chrono Boost)  
  17  0:58  Probe (Chrono Boost)  
  18  1:08  Probe (Chrono Boost)  
  19  1:20  Nexus  
  19  1:23  Probe (Chrono Boost)  
  20  1:33  Cybernetics Core  
  20  1:36  Probe (Chrono Boost)  
  21  1:41  Assimilator  
  21  1:47  Probe (Chrono Boost)  
  21  1:51  Pylon  
  22  1:57  Probe (Chrono Boost)  
  23  2:09  Probe (Chrono Boost)  
  23  2:10  Warp Gate, Adept  
  26  2:20  Probe (Chrono Boost)  
  27  2:30  Probe (Chrono Boost)  
  27  2:32  Probe (Chrono Boost)  
  29  2:37  Adept  
  29  2:38  Twilight Council  
  29  2:41  Probe (Chrono Boost)  
  29  2:43  Probe (Chrono Boost)  
  33  2:51  Probe (Chrono Boost)  
  33  2:53  Probe (Chrono Boost)  
  35  2:58  Gateway  
  35  3:02  Probe (Chrono Boost)  
  35  3:04  Probe (Chrono Boost)  
  35  3:05  Sentry  
  39  3:06  Blink  
  40  3:12  Probe (Chrono Boost)  
  40  3:14  Probe (Chrono Boost)  
  41  3:23  Pylon  
  41  3:25  Probe (Chrono Boost)  
  41  3:26  Probe (Chrono Boost)  
  43  3:29  Assimilator  
  43  3:32  Assimilator  
  43  3:33  Sentry  
  45  3:36  Probe (Chrono Boost)  
  46  3:42  Probe (Chrono Boost)  
  46  3:43  Gateway  
  46  3:46  Robotics Facility  
  46  3:48  Probe (Chrono Boost)  
  49  3:57  Probe (Chrono Boost)  
  49  3:58  Probe (Chrono Boost)  
  50  4:09  Probe x2 (Chrono Boost), Pylon  
  52  4:12  Pylon  
  52  4:19  Probe (Chrono Boost)  
  52  4:21  Probe (Chrono Boost)  
  54  4:24  Gateway  
  54  4:29  Gateway x2  
  54  4:34  Gateway  
  54  4:35  Observer, Gateway  
  55  4:40  Sentry x2  
  55  4:42  Sentry  
  61  4:51  Warp Prism  
  61  4:54  Pylon  
  63  5:06  Mothership Core (Chrono Boost), Stalker x2  
  69  5:11  Pylon  
  69  5:13  Pylon  
  69  5:16  Stalker  
  69  5:20  Pylon  
  71  5:31  Stalker x4  
  79  5:49  Stalker  
  81  5:50  Stalker x3  
  81  5:52  Sentry  
  81  5:53  Stalker  
  88  6:22  Stalker x3  
  88  6:23  Stalker x4  
  56  6:40  Templar Archives  
  52  6:51  Stalker  
  52  6:52  Stalker x3  
  58  6:55  Stalker x2  
  62  7:02  Pylon  
  60  7:13  Stalker x4  
Show
View Real Time Build Order
Export as new Build Order

Namshar Zerg - Winner!

Build Orders: Hatch First 

Get SALT Encoding   

  12  0:01  Drone  
  13  0:13  Overlord  
  13  0:18  Drone  
  14  0:31  Drone x2  
  14  0:35  Drone  
  17  0:53  Hatchery  
  17  0:55  Drone  
  17  0:58  Drone  
  18  1:10  Extractor  
  17  1:13  Spawning Pool  
  17  1:17  Drone  
  17  1:20  Drone  
  18  1:28  Drone  
  19  1:39  Overlord  
  19  1:50  Drone  
  20  1:59  Queen  
  20  2:00  Zergling x2  
  23  2:04  Queen  
  23  2:06  Drone  
  26  2:10  Metabolic Boost  
  26  2:12  Drone  
  27  2:16  Drone  
  28  2:24  Drone  
  28  2:27  Drone  
  30  2:36  Hatchery  
  29  2:41  Drone  
  30  2:44  Zergling x2  
  30  2:47  Queen  
  33  2:51  Overlord  
  33  2:54  Drone  
  33  2:57  Drone  
  35  3:02  Overlord  
  35  3:13  Drone x2  
  35  3:14  Drone x2  
  35  3:16  Drone x3  
  42  3:20  Drone  
  42  3:23  Drone  
  42  3:26  Queen  
  46  3:30  Overlord  
  46  3:34  Drone x2  
  46  3:39  Roach Warren  
  47  3:43  Drone  
  47  3:47  Drone, Spore Crawler  
  48  3:54  Drone x5  
  53  4:02  Overlord  
  53  4:03  Drone x2  
  55  4:10  Drone  
  55  4:11  Extractor  
  55  4:12  Lair  
  55  4:14  Drone x3  
  58  4:18  Extractor  
  58  4:19  Drone x3  
  60  4:30  Overlord x2  
  60  4:32  Drone x2  
  60  4:33  Drone x2  
  60  4:35  Extractor  
  60  4:36  Drone x3  
  60  4:37  Overlord  
  66  4:46  Roach x4  
  66  4:50  Overlord  
  66  4:51  Overlord  
  74  4:54  Roach  
  74  4:59  Spore Crawler  
  75  5:00  Spore Crawler  
  75  5:02  Drone  
  75  5:05  Roach x2  
  75  5:06  Roach x2  
  83  5:09  Glial Reconstitution  
  82  5:23  Roach x4  
  82  5:25  Drone  
  82  5:26  Extractor  
  82  5:27  Drone x2  
  92  5:28  Drone  
  92  5:29  Overlord x2  
  92  5:31  Roach x3  
  92  5:35  Roach x2  
  103  5:39  Roach x2  
  103  5:42  Overlord  
  107  5:44  Roach  
  107  5:46  Ravager  
  107  5:48  Roach x2  
  114  5:52  Roach x2  
  114  5:55  Overlord  
  118  5:57  Overlord  
  118  5:59  Ravager  
  118  6:01  Roach  
  118  6:02  Roach, Zergling x2  
  124  6:09  Ravager  
  124  6:10  Zergling x10  
  128  6:21  Roach x4  
  125  6:29  Roach x7  
  131  6:39  Roach x5  
  141  6:45  Roach  
  142  6:50  Roach  
  142  6:51  Roach  
  146  6:54  Drone  
  146  6:56  Evolution Chamber  
  146  6:58  Roach  
  147  7:01  Ravager  
  147  7:02  Ravager x2  
  148  7:09  Roach x2  
Tags
 
Add a new tag
Caveats
  • Supply blocks, unpowered buildings, or Contaminate may cause inaccurate times.
  • Supply counts are checked every 10 seconds.